AoeStats
← Yousnake

Arabia

510196921Analyzed
3v3 RM · 2d ago on Sep 29, 2026· 32m 43s· 6 players
Game mode
Random Map
Map size
Normal (6 player)
Population
200
Speed
Normal
Resources
Standard
Victory
Conquest
Starting age
Dark Age
Ending age
Imperial Age
RankedLock teamsTeams togetherTeam positionsShared explorationLock speedFull tech treeHidden civsTurbo modeCheats
Victory
Defeat
🇫🇷 Inca · France
746
+14
🇲🇦 Franks · Morocco
736
+15
🇲🇦 Goths · Morocco
719
+16
🇷🇺 Slavs · Russia
780
-18
687
-14
664
-13
STRONG, BUT TRICKY, ZOG!
10:49 Feudal Age
11:49 Double-Bit Axe
11:49 Horse Collar
12:01 Gold Mining
12:25 Stone Mining
15:01 Loom
17:51 Arson
25:33 Castle Age
24:06 Forging
23:57 Scale Mail Armor
25:48 Fletching
26:47 Bow Saw
26:19 Crossbowman
30:13 Bodkin Arrow
Гроза Крипов
13:01 Feudal Age
14:24 Wheelbarrow
13:40 Double-Bit Axe
28:45 Castle Age
29:44 Hand Cart
29:46 Bow Saw
29:23 Horse Collar
30:25 Heavy Plow
30:25 Gold Mining
30:33 Stone Mining
30:07 Crossbowman
30:42 Fletching
30:55 Padded Archer Armor
31:06 Forging
30:59 Scale Mail Armor
TRICKY, BUT STRONG, ZOG!
10:00 Feudal Age
9:08 Loom
12:59 Loom
13:50 Wheelbarrow
14:00 Double-Bit Axe
16:23 Horse Collar
23:49 Castle Age
21:13 Man-at-Arms
23:46 Gold Mining
23:49 Stone Mining
28:29 Padded Archer Armor
28:20 Fletching
Yousnake
10:46 Feudal Age
9:35 Loom
13:03 Champi Runner
15:48 Forging
17:47 Arson
22:24 Castle Age
20:50 Fletching
21:02 Double-Bit Axe
22:31 Champi Warrior
23:13 Squires
24:45 Horse Collar
24:48 Elite Skirmisher
25:41 Padded Archer Armor
27:03 Bodkin Arrow
27:10 Scale Mail Armor
30:24 Wheelbarrow
33:00 Hand Cart
GLORY MUSTAF
1:09 Loom
11:59 Feudal Age
12:15 Man-at-Arms
13:10 Double-Bit Axe
17:10 Scale Mail Armor
21:05 Forging
23:37 Castle Age
23:48 Long Swordsman
23:49 Pikeman
24:32 Squires
29:28 Chain Mail Armor
30:01 Bow Saw
TITAN
8:11 Loom
10:07 Feudal Age
11:51 Double-Bit Axe
14:21 Scale Barding Armor
14:31 Forging
14:27 Scale Barding Armor
19:31 Wheelbarrow
21:27 Man-at-Arms
21:54 Arson
24:19 Castle Age
23:06 Scale Mail Armor
24:22 Long Swordsman
24:50 Gambesons
25:11 Squires
Connection lost

Rejoining the realm…

Still unreachable

The connection could not be restored.

Session expired

The server has moved on; the page needs a fresh start.